 Dungeon Crawl Stone Soup version 0.21-a0-522-ga8338f0 (webtiles) character file.

16 tamerofbeasts the Skirmisher (level 2, 0/24 HPs)
             Began as a Demonspawn Abyssal Knight on Dec 6, 2017.
             Was a Follower of Lugonu.
             Slain by a goblin
             ... wielding a cursed -1 dagger
              (1 damage)
             ... on level 1 of the Dungeon.
             The game lasted 00:00:56 (279 turns).

tamerofbeasts the Skirmisher (DsAK)                  Turns: 279, Time: 00:00:57

Health: 0/24       AC:  3    Str: 12    XL:     2   Next: 41%
Magic:  3/3        EV: 11    Int: 13    God:    Lugonu [*.....]
Gold:   64         SH:  4    Dex: 12    Spells: 1/1 levels left

rFire    . . .     SeeInvis .   a - +1 falchion
rCold    . . .     Gourm    .   (no shield)
rNeg     . . .     Faith    .   b - +0 leather armour
rPois    .         Spirit   .   (no helmet)
rElec    .         Reflect  .   (no cloak)
rCorr    .         Harm     .   (no gloves)
MR       .....                  (no boots)
Stlth    +.........             (no amulet)
HPRegen  0.08/turn              (no ring)
MPRegen  0.08/turn              (no ring)

@: no status effects
A: large bone plates 1
a: Depart the Abyss, Renounce Religion


You were on level 1 of the Dungeon.
You worshipped Lugonu.
Lugonu was aware of your devotion.
You were not hungry.

You visited 1 branch of the dungeon, and saw 1 of its levels.
You visited the Abyss 1 time.

You collected 64 gold pieces.

Inventory:

Hand Weapons
 a - a +1 falchion (weapon)
Armour
 b - a +0 leather armour (worn)
Scrolls
 f - a scroll of amnesia {unknown}
 g - 2 scrolls of identify {unknown}
Potions
 d - a potion of agility {unknown}
 e - a potion of invisibility {unknown}
Comestibles
 c - a bread ration


   Skills:
 + Level 3.6 Fighting
 + Level 1.9 Long Blades
 + Level 1.8 Armour
 + Level 1.0 Dodging
 + Level 2.4 Invocations


You had one spell level left.
You didn't know any spells.

Dungeon Overview and Level Annotations

Branches:
Dungeon (1/15)

Altars:


Innate Abilities, Weirdness & Mutations

You are partially covered in large bone plates. (SH +4)


Message History

You hit the hobgoblin.
The hobgoblin is severely wounded.
The goblin hits you with a dagger. The hobgoblin hits you.
* * * LOW HITPOINT WARNING * * *
The goblin hits you but does no damage. x2; You block the hobgoblin's attack.
You barely miss the hobgoblin.
The hobgoblin is severely wounded.
The goblin hits you.
* * * LOW HITPOINT WARNING * * *
The goblin barely misses you. The hobgoblin hits you.
* * * LOW HITPOINT WARNING * * *
You hit the hobgoblin but do no damage.
The hobgoblin is severely wounded.
You block the goblin's attack. The goblin closely misses you.
The hobgoblin closely misses you.
You riposte.
You hit the hobgoblin.
The hobgoblin is almost dead.
You closely miss the hobgoblin.
The hobgoblin is almost dead.
The goblin closely misses you. The goblin hits you with a dagger.
You die...

.....######
######><##########
..†........ ####
....######## ## #
....'....... ..#.#.
....#########......
....######......... .
....#.............. ..
.##......#...###+### ...
.##......#.....g@gb+ ....
.##......#...###g###.....
.##......######KKK.......
.##.............g†...#..
......†................#
......................##
.........................
..>..............(###....
.................## ....


You could see 2 hobgoblins, 2 goblins, a bat and 3 kobolds.

Vanquished Creatures
  3 bats (D:1)
  A giant cockroach (D:1)
  5 goblins (D:1)
  A hobgoblin (D:1)
  4 frilled lizards (D:1)
  A kobold (D:1)
  A rat (D:1)
16 creatures vanquished.

Notes
Turn   | Place    | Note
-------+----------+-------------------------------------------
     0 | Abyss:1  | tamerofbeasts the Demonspawn Abyssal Knight began the quest for the Orb.
     0 | Abyss:1  | Reached XP level 1. HP: 18/18 MP: 2/2
     0 | D:1      | Escaped the Abyss
    68 | D:1      | Reached * piety under Lugonu
   162 | D:1      | Gained mutation: You are partially covered in large bone plates. (SH +4) [demonic ancestry]
   162 | D:1      | Reached XP level 2. HP: 22/24 MP: 3/3
   261 | D:1      | Reached skill level 1 in Dodging
   277 | D:1      | HP: 1/24 [hobgoblin (3)]
   279 | D:1      | Slain by a goblin

Vault maps used:
D:1:      dpeg_arrival_line_fractal, serial_forest,
          infiniplex_forest_clump_long, infiniplex_forest_clump_tiny,
          infiniplex_forest_end_2, infiniplex_forest_zigzag_1,
          infiniplex_forest_straight_3, infiniplex_forest_end_3,
          minmay_three_crescents

Skill      XL: |  1  2 |
---------------+-------+-----
Dodging        | 1 |  1.0
Fighting       | |  3.6
Long Blades    | |  1.9
Armour         | |  1.8
Invocations    | |  2.4

Action                   || total
-------------------------++-------
Melee: Falchion          ||    44
Invok: Depart the Abyss  ||     1
Armor: Leather armour    ||    18
Dodge: Dodged            ||    30
Block: Other             ||    12
       Rpst.: Falchion   ||    11

Table legend:
 A = Spawn XP
 B = Non-spawn XP
 C = Spawn XP percentage of total XP
 D = Spawn monster count
 E = Non-spawn monster count
 F = Spawn count percentage of total count
 G = Total turns spent on level
                    A         B        C        D         E        F      G
               +---------+---------+-------+---------+---------+-------+---------
         Total |       0 |      24 |   0.0 |       0 |      16 |   0.0 |   279
               +---------+---------+-------+---------+---------+-------+---------
           D:1 |       0 |      24 |   0.0 |       0 |      16 |   0.0 |   279
               +---------+---------+-------+---------+---------+-------+---------
